Map: King's Cove LE

Players

alex - Winner!

  • Race: Terran Terran
  • League: Diamond
  • Spawn Location: 5:00

Darksidezoom

  • Race: Zerg Zerg
  • League: Diamond
  • Spawn Location: 11:00

VOD

Have the link to the VOD?

Description

Time

  • Played on: Jan. 26, 2019, 3:07 p.m.
  • Length: 14:23
Show
View Real Time Build Order
Export as new Build Order

alex Terran - Winner!

Build Orders:  

Get SALT Encoding   

  12  0:03  SCV  
  13  0:15  SCV  
  14  0:26  Supply Depot  
  14  0:29  SCV  
  14  0:30  Refinery  
  15  0:47  SCV  
  15  0:49  Barracks  
  16  1:00  SCV  
  17  1:12  SCV  
  18  1:24  SCV  
  19  1:37  Barracks Reactor  
  19  1:39  Orbital Command  
  19  1:48  Command Center  
  19  1:59  Factory  
  19  2:08  Refinery, SCV  
  20  2:14  Marine  
  21  2:15  Marine  
  21  2:22  Supply Depot  
  22  2:27  SCV  
  23  2:51  Barracks Tech Lab, Hellion  
  23  2:52  Hellion  
  23  2:53  Starport  
  28  2:58  SCV  
  28  3:04  Orbital Command  
  28  3:10  SCV  
  29  3:16  Hellion  
  29  3:18  Hellion  
  33  3:23  Marine  
  33  3:25  Stimpack  
  34  3:29  SCV  
  34  3:30  SCV  
  36  3:37  Medivac  
  38  3:45  Marine  
  39  4:03  Marine, Barracks  
  39  4:05  Factory Tech Lab  
  39  4:09  Starport Tech Lab  
  40  4:11  SCV  
  41  4:20  Command Center  
  41  4:43  Siege Tank  
  41  4:44  Cloaking Field, Barracks  
  44  4:48  Banshee  
  47  5:04  SCV  
  47  5:05  Marine  
  47  5:06  Marine  
  50  5:09  SCV  
  51  5:15  Siege Tank  
  54  5:25  Supply Depot  
  54  5:27  Supply Depot  
  54  5:32  Marine, SCV  
  54  5:33  Barracks Tech Lab  
  54  5:34  Orbital Command  
  56  5:36  Barracks  
  56  5:44  Combat Shield  
  56  5:47  Marine  
  57  5:53  Barracks  
  57  6:00  SCV x2  
  57  6:01  SCV  
  60  6:08  Banshee  
  63  6:12  SCV  
  63  6:16  Marine, Marauder  
  67  6:24  SCV x3  
  70  6:26  Marine x3  
  73  6:36  Siege Tank  
  73  6:39  Concussive Shells  
  76  7:05  Banshee  
  79  7:08  Siege Tank  
  79  7:12  Barracks Reactor  
  82  7:16  Supply Depot  
  82  7:17  Orbital Command  
  79  7:27  Engineering Bay  
  79  7:30  Marauder x2  
  79  7:31  Marine x2  
  85  7:38  Marine  
  86  7:48  Marine  
  86  7:49  Marine  
  88  7:52  Marauder x2  
  88  7:53  Refinery  
  88  7:56  Marine  
  88  7:57  Supply Depot  
  93  8:01  Engineering Bay  
  93  8:02  Terran Infantry Weapons Level 1  
  93  8:07  Armory  
  93  8:10  Refinery  
  93  8:13  Supply Depot  
  93  8:19  Marine x3, Marauder x2, Supply Depot, SCV  
  101  8:21  Supply Depot  
  101  8:30  Supply Depot  
  101  8:33  Orbital Command  
  101  8:34  Marine, SCV  
  101  8:37  Marine x2, Marauder  
  101  8:40  Marine x2  
  109  8:45  Siege Tank  
  112  8:52  Marine  
  112  8:53  Medivac, Supply Depot  
  112  8:54  Marine x2  
  117  9:09  Refinery  
  117  9:21  SCV  
  117  9:22  Refinery  
  122  9:24  Marine x3, Marauder x2  
  122  9:25  Marine, Medivac  
  122  9:26  Terran Vehicle Weapons Level 1  
  128  9:36  SCV x3  
  131  9:48  SCV  
  125  10:04  Marine x6  
  126  10:21  Marine  
  126  10:22  Marine, Marauder  
  126  10:23  Marauder  
  126  10:27  Terran Infantry Weapons Level 2  
  124  10:29  Terran Infantry Armor Level 1, SCV  
  125  10:39  Command Center, Marine x2, Marauder  
  125  10:41  Medivac x2, Barracks  
  133  10:44  Marauder  
  133  10:47  Barracks  
  133  10:48  Barracks  
  135  10:52  SCV  
  129  11:10  Marine  
  129  11:11  Marine x3, Marauder x2  
  130  11:18  SCV x3  
  133  11:20  Siege Tank  
  137  11:28  Marine  
  137  11:29  Marauder  
  137  11:30  SCV  
  137  11:32  Marauder  
  140  11:34  Medivac x2  
  140  11:38  Command Center  
  144  11:42  SCV  
  144  11:46  Marine, Marauder  
  148  11:51  Marauder  
  148  11:53  Marine, Marauder  
  150  12:09  Medivac x2  
  150  12:10  Barracks Tech Lab x2  
  154  12:16  Marauder  
  154  12:17  Marine  
  154  12:22  Barracks Reactor  
  157  12:23  Barracks Reactor  
  157  12:37  Refinery  
  157  12:38  Planetary Fortress  
  157  12:45  Marine  
  157  12:46  Marine, Marauder x2  
  151  13:11  Widow Mine  
  143  13:14  Marauder x2  
  135  13:31  Marine, Marauder  
  135  13:32  Widow Mine, Marine x5, Marauder x2  
  149  13:35  Marine  
  146  14:02  Marine x4  
  144  14:03  Marine x2  
Show
View Real Time Build Order
Export as new Build Order

Darksidezoom Zerg 

Build Orders: Hatch First 

Get SALT Encoding   

  12  0:01  Drone  
  13  0:12  Overlord  
  13  0:18  Drone  
  14  0:31  Drone x2  
  16  0:52  Hatchery  
  16  0:55  Drone  
  16  0:58  Drone  
  16  1:02  Drone  
  18  1:06  Extractor  
  17  1:19  Spawning Pool  
  17  1:22  Drone  
  17  1:26  Drone  
  17  1:29  Drone  
  19  1:42  Overlord  
  19  2:05  Queen  
  19  2:06  Queen  
  19  2:07  Zergling x4  
  26  2:08  Zergling x2  
  26  2:18  Metabolic Boost  
  26  2:21  Drone  
  27  2:25  Drone x2  
  29  2:39  Overlord  
  29  2:41  Zergling x4  
  31  3:03  Hatchery  
  30  3:06  Drone x2  
  30  3:07  Drone  
  30  3:10  Drone  
  34  3:13  Drone  
  35  3:26  Overlord  
  35  3:27  Overlord  
  35  3:37  Roach Warren  
  35  3:38  Drone  
  35  3:39  Drone  
  36  3:44  Extractor, Drone  
  36  3:46  Extractor, Drone  
  36  3:54  Drone x3  
  39  4:06  Drone x4  
  39  4:07  Drone  
  39  4:09  Drone  
  45  4:13  Drone  
  46  4:19  Lair  
  46  4:22  Roach  
  48  4:25  Roach  
  48  4:28  Drone x2  
  48  4:30  Drone  
  53  4:32  Drone  
  53  4:33  Drone  
  55  4:38  Queen  
  57  4:47  Evolution Chamber  
  57  4:48  Overlord x2  
  56  4:54  Extractor, Drone  
  56  4:55  Drone x2  
  58  5:06  Drone x5  
  63  5:13  Drone x6  
  69  5:26  Drone  
  69  5:27  Hydralisk Den  
  69  5:28  Zerg Missile Weapons Level 1  
  69  5:29  Glial Reconstitution  
  69  5:31  Roach x2  
  73  5:37  Overlord x2  
  73  5:43  Extractor  
  73  5:44  Drone x2  
  73  5:45  Extractor  
  73  5:48  Overseer  
  73  5:49  Overseer x3  
  73  5:51  Pneumatized Carapace  
  73  5:55  Drone  
  73  5:56  Evolution Chamber  
  73  5:58  Muscular Augments  
  73  6:04  Hydralisk x2  
  73  6:09  Drone x4  
  81  6:11  Drone  
  81  6:12  Drone  
  81  6:13  Drone  
  81  6:15  Drone  
  85  6:32  Spore Crawler  
  84  6:35  Hydralisk x4  
  85  6:47  Drone  
  85  6:48  Drone  
  87  6:56  Drone  
  87  6:57  Drone x2  
  87  6:58  Drone  
  88  7:03  Hydralisk  
  88  7:08  Overlord x3  
  90  7:09  Grooved Spines  
  89  7:27  Zerg Missile Weapons Level 2  
  89  7:32  Evolution Chamber  
  89  7:34  Hydralisk x7  
  102  7:39  Zerg Ground Armor Level 1  
  102  7:43  Hatchery  
  101  7:45  Drone x2  
  101  7:46  Drone  
  104  7:54  Hydralisk x2  
  108  8:05  Hydralisk x2  
  108  8:08  Overlord x2  
  112  8:23  Drone  
  113  8:28  Hydralisk, Zerg Melee Weapons Level 1  
  113  8:29  Hydralisk x7  
  113  8:32  Overlord  
  129  8:50  Hydralisk x4  
  137  8:55  Overlord x2  
  137  8:56  Overlord x2  
  137  9:01  Infestation Pit  
  136  9:07  Hydralisk  
  136  9:08  Hydralisk x4  
  142  9:21  Hydralisk x11  
  164  9:35  Spore Crawler  
  164  9:38  Hydralisk x2  
  163  9:41  Overlord x4  
  163  9:44  Hive  
  159  10:03  Hydralisk x9  
  173  10:10  Drone x4  
  174  10:17  Drone  
  174  10:18  Drone x3  
  172  10:32  Drone x2, Spire  
  172  10:33  Drone x3  
  172  10:35  Queen  
  178  10:45  Zerg Ground Armor Level 2  
  178  10:53  Drone x2  
  163  11:09  Hydralisk  
  163  11:10  Hydralisk x8  
  160  11:22  Spore Crawler  
  156  11:32  Drone x7  
  158  11:33  Drone x2  
  159  11:44  Greater Spire  
  156  11:47  Corruptor, Overlord x4  
  154  12:02  Drone  
  154  12:03  Drone x5  
  154  12:05  Drone x3  
  163  12:12  Extractor  
  163  12:13  Drone x3  
  163  12:14  Extractor  
  164  12:17  Queen x2  
  168  12:32  Drone x3  
  168  12:35  Overlord x4  
  169  13:02  Hydralisk x6  
  169  13:03  Hydralisk x3  
  131  13:23  Hydralisk  
  131  13:24  Hydralisk x5  
  121  13:42  Zergling x2  
  121  13:43  Zergling x10  
  125  13:57  Brood Lord  
Tags
 
Add a new tag
Caveats
  • Supply blocks, unpowered buildings, or Contaminate may cause inaccurate times.
  • Supply counts are checked every 10 seconds.